 Dungeon Crawl Stone Soup version 0.32-a0-986-ga09f62fbf4 (webtiles) character file.

Game seed: 4449794739684713564

100 shadizar the Magician (level 5, -2/35 HPs)
             Began as a Djinni Conjurer on Apr 21, 2024.
             Slain by a gnoll
             ... wielding a +0 club
              (5 damage)
             ... on level 2 of the Dungeon.
             The game lasted 00:01:23 (1537 turns).

shadizar the Magician (Djinni Conjurer)             Turns: 1537, Time: 00:01:24

Health: -2/35      AC:  2    Str:  6    XL:     5   Next: 3%
Gold:   163        EV: 11    Int: 21    God:
                   SH:  0    Dex: 12

rFire   + + .        (no weapon)
rCold   x . .        (no shield)
rNeg    . . .        a - +0 robe
rPois   ∞            (no helmet)
rElec   .            (no cloak)
rCorr   .            (no gloves)
SInv    .            (boots unavailable)
Will    .....        (no amulet)
Stlth   ++           (no ring)
HPRegen 0.25/turn    (no ring)

%: infuse magic (-3 HP)
@: flying
A: sickness immunity, fire resistance 2, cold vulnerability 1, float, innate
caster, HP casting, extra vitality 1
a: no special abilities


You were on level 2 of the Dungeon.
You visited 1 branch of the dungeon, and saw 3 of its levels.

You collected 163 gold pieces.

Inventory:

Missiles
 n - a throwing net
Armour
 a - a +0 robe (worn)
Jewellery
 c - a +6 ring of intelligence
Scrolls
 e - a scroll of poison {unknown}
 g - a scroll of noise {unknown}
 h - 2 scrolls of identify {unknown}
 j - 3 scrolls of blinking {unknown}
 l - a scroll of silence {unknown}
 m - a scroll of teleportation {unknown}
Potions
 b - a potion of might {unknown}
 d - a potion of lignification {unknown}
 f - a potion of curing {unknown}
 i - 2 potions of magic {unknown}
 k - a potion of enlightenment {unknown}


   Skills:
 - Level 2.1 Dodging
 - Level 1.5 Stealth
 + Level 5.0 Spellcasting
 + Level 5.0 Conjurations
 + Level 5.0 Hexes
 + Level 5.0 Summonings
 + Level 5.0 Necromancy
 + Level 5.0 Translocations
 + Level 5.0 Fire Magic
 + Level 5.0 Ice Magic
 + Level 5.0 Air Magic
 + Level 5.0 Earth Magic
 + Level 5.0 Alchemy


You knew the following spells:

 Your Spells              Type           Power      Damage    Failure   Level
a - Magic Dart            Conj           100%       1d8       1%          1
b - Searing Ray           Conj           52%        2d6       1%          2
c - Fulminant Prism       Conj/Alch      13%        3d8       14%         4
d - Iskenderun's Mystic Conj/Tloc 26%            2d7        (+2d3     14%         4
e - Sting                 Conj/Alch      100%       1d9       1%          1
f - Lesser Beckoning      Tloc           52%        N/A       1%          2
Your spell library was empty.

Dungeon Overview and Level Annotations

Branches:
Dungeon (3/15)

Altars:


Innate Abilities, Weirdness & Mutations

You are immune to sickness and miasma.
You are immune to poison.
Your flesh is very heat resistant. (rF++)
You are vulnerable to cold. (rC-)
You float through the air rather than walking.
You learn spells naturally, not from books.
Your magical power is your life essence.
You have superior vitality. (+4 MHP)


Message History

The giant cockroach bites you but does no damage.
The gnoll barely misses you. The gnoll closely misses you.
The giant cockroach bites you. The gnoll attacks as it pursues you!
The gnoll hits you with a +0 flail.
Casting: Searing Ray (safe; 1% risk of failure)
Confirm with . or Enter, or press ? or * to list all spells.
Aiming: Searing Ray (safe; 1% risk of failure)
Press: ? - help, Shift-Dir - straight line, f - gnoll
Aim: a gnoll, wielding a +0 club (82% to hit)
The searing ray hits the gnoll.
The gnoll is lightly wounded.
The searing ray hits the gnoll.
The gnoll is moderately wounded. (Press . to maintain the ray.)
The gnoll hits you with a +0 club.
* * * LOW HITPOINT WARNING * * *
Unknown command.
Unknown command.
Unknown command.
Unknown command.
Unknown command.
Unknown command.
Unknown command.
Unknown command.
The searing ray hits the gnoll.
The gnoll is moderately wounded.
The searing ray hits the giant cockroach.
The giant cockroach is almost dead.
* * * LOW HITPOINT WARNING * * *
The gnoll completely misses you. The gnoll hits you with a +0 club.
* * * LOW HITPOINT WARNING * * *
Unknown command.
Unknown command.
The searing ray hits the gnoll!
The gnoll is almost dead.
The searing ray hits the giant cockroach.
You kill the giant cockroach!
* * * LOW HITPOINT WARNING * * *
The gnoll closely misses you. The gnoll hits you with a +0 club.
You die...

#...........#.# #.####
#...........#.# #.....
#.....÷÷....#)########
#............)........
####.....................
#.............>..........
#.......K..B...#.#.#.####
#......gg#####.....#.####
#.......@# #.#.#.#....#
######...# #.#.######(#
#...# #.#......#'# #...#
#.######.... ##÷..# #.#
#.... #####...÷#####.#
#....
#...........##.######....
#...........'..#......#†#
#...........####.######..


You could see 2 gnolls and a kobold.

Vanquished Creatures
  2 gnolls (D:2)
  3 adders (D:2)
  3 dart slugs
  2 ribbon worms (D:2)
  3 ball pythons
  4 giant cockroaches
  A goblin (D:1)
  A hobgoblin (D:1)
  4 jackals
  7 kobolds
  3 quokkas
  6 bats
  2 frilled lizards (D:2)
  4 rats
45 creatures vanquished.

Notes
Turn   | Place    | Note
-------+----------+-------------------------------------------
     0 | D:1      | shadizar the Djinni Conjurer began the quest for the Orb.
     0 | D:1      | shadizar set off with the following spells memorised: Magic
                  | Dart, Searing Ray, Fulminant Prism, Iskenderun's Mystic
                  | Blast.
     0 | D:1      | Reached XP level 1. HP: 15/15 MP: 0/0
    75 | D:1      | Reached XP level 2. HP: 16/21 MP: 0/0
   437 | D:1      | Reached XP level 3. HP: 24/25 MP: 0/0
   437 | D:1      | Learned a level 1 spell: Sting
   813 | D:2      | Reached XP level 4. HP: 24/31 MP: 0/0
  1393 | D:2      | Reached skill level 5 in Spellcasting
  1393 | D:2      | Reached skill level 5 in Conjurations
  1393 | D:2      | Reached skill level 5 in Hexes
  1393 | D:2      | Reached skill level 5 in Summonings
  1393 | D:2      | Reached skill level 5 in Necromancy
  1393 | D:2      | Reached skill level 5 in Translocations
  1393 | D:2      | Reached skill level 5 in Fire Magic
  1393 | D:2      | Reached skill level 5 in Ice Magic
  1393 | D:2      | Reached skill level 5 in Air Magic
  1393 | D:2      | Reached skill level 5 in Earth Magic
  1393 | D:2      | Reached skill level 5 in Alchemy
  1393 | D:2      | Reached XP level 5. HP: 3/35 MP: 0/0
  1393 | D:2      | Learned a level 2 spell: Lesser Beckoning
  1537 | D:2      | Slain by a gnoll

Illustrated notes

Levels and vault maps discovered:
D:1:      lemuel_arrival_funnel, layout_rooms, dreamdust_wishing_well
D:2:      layout_basic, minmay_door_square, chequers_serial_rivers_small_a,
          nrook_uturn
D:3:      layout_basic, mainiacjoe_overflow_tiny_flanked, lemuel_tele_altar

Skill      XL: |  1  2  3  4 |
---------------+-------------+-----
Spellcasting   | 4 5 |  5.0
Conjurations   | 4 5 |  5.0
Hexes          | 4 5 |  5.0
Summonings     | 4 5 |  5.0
Necromancy     | 4 5 |  5.0
Translocations | 4 5 |  5.0
Fire Magic     | 4 5 |  5.0
Ice Magic      | 4 5 |  5.0
Air Magic      | 4 5 |  5.0
Earth Magic    | 4 5 |  5.0
Alchemy        | 4 5 |  5.0
Dodging        | |  2.1
Stealth        | |  1.5

Action                     |  1- 3 |  4- 6 || total
---------------------------+-------+-------++-------
   Cast: Magic Dart        |    68 |    33 ||   101
         Searing Ray       |       |     2 ||     2
 Armour: Robe              |     3 |    18 ||    21
  Dodge: Dodged            |     3 |    19 ||    22

Table legend: (Time is in decaauts)
 A = Elapsed time spent in this place.
 B = Non-inter-level travel time spent in this place.
 C = Inter-level travel time spent in this place.
 D = Time resting spent in this place.
 E = Time spent auto-exploring this place.
 F = Levels seen in this place.
 G = Mean time per level.
                   A        B        C        D        E       F      G
               +--------+--------+--------+--------+--------+-----+--------+
         Total |   1538 |   1518 |     20 |      0 |   1314 |   3 |  512.7 |
       Dungeon |   1538 |   1518 |     20 |      0 |   1314 |   3 |  512.7 |
               +--------+--------+--------+--------+--------+-----+--------+

Top non-repeatable levels by time:
     D:2: 948 daAuts
     D:1: 583 daAuts
     D:3: 6 daAuts
